 Dungeon Crawl Stone Soup version 0.30.0-29-ga12c61a403 (webtiles) character file.

Game seed: 1056614912533230095

64889 H0rd4k the Unseen (level 15, -6/119 HPs)
             Began as a Human Artificer on June 22, 2023.
             Was an Initiate of Gozag.
             Killed by divine providence
             ... invoked by Saint Roka
              (10 damage)
             ... on level 2 of the Orcish Mines.
             The game lasted 00:50:38 (31058 turns).

H0rd4k the Unseen (Human Artificer)                Turns: 31058, Time: 00:50:38

Health: -6/119     AC: 33    Str: 19    XL:     15   Next: 56%
Magic:  27/27      EV: 16    Int: 22    God:    Gozag
Gold:   1281       SH:  0    Dex: 13    Spells: 25/30 levels left

rFire   . . .        x - +8 falchion "Kojigauca" {protect, rPois rN+ rCorr Int+2}
rCold   . . .        (no shield)
rNeg    + + .        p - +11 chain mail "Puihigodgh" {Str+4}
rPois   +            t - +1 helmet "Seow" {rN+ Str+3 Slay+5 SInv}
rElec   .            (no cloak)
rCorr   +            r - +0 pair of gloves
SInv    +            (no boots)
Will    +....        (no amulet)
Stlth   +++          n - +5 ring of evasion
HPRegen 0.39/turn    v - +4 ring of protection
MPRegen 0.20/turn

%: no passive effects
@: under a protective aura, on berserk cooldown, slowed, studying Short Blades,
very slow
A: no striking features
a: Renounce Religion, Potion Petition, Call Merchant, Bribe Branch


You were on level 2 of the Orcish Mines.
You worshipped Gozag.
Gozag was most pleased with you.
You visited 4 branches of the dungeon, and saw 20 of its levels.
You visited 1 bazaar.
You also visited: Bailey.

You collected 6896 gold pieces.
You spent 2995 gold pieces at shops.
You paid 2620 gold pieces to Gozag.

Inventory:

Hand Weapons
 d - a +9 dagger of venom
 e - a +0 scimitar of holy wrath
 o - a +1 dagger of freezing
 x - the +8 falchion "Kojigauca" (weapon) {protect, rPois rN+ rCorr Int+2}
   (You bought it in a shop on level 11 of the Dungeon)

   Int:       It affects your intelligence (+2).
   rPois:     It protects you from poison.
   rN:        It protects you from negative energy.
   rCorr:     It protects you from acid and corrosion.
 z - the +7 scimitar "Gram" {flame, *Corrode rF- Int+8 Dex+3}
   (You bought it in a shop on level 11 of the Dungeon)

   Int:       It affects your intelligence (+8).
   Dex:       It affects your dexterity (+3).
   rF:        It makes you vulnerable to fire.
   *Corrode:  It may corrode you when you take damage.
 M - a +3 dagger
Missiles
 a - 40 poisoned darts (quivered)
 q - 2 curare-tipped darts
 C - 13 atropa-tipped darts
Armour
 p - the +11 chain mail "Puihigodgh" (worn) {Str+4}
   (You bought it in a shop on level 11 of the Dungeon)

   Str:       It affects your strength (+4).
 r - a +0 pair of gloves (worn)
 t - the +1 helmet "Seow" (worn) {rN+ Str+3 Slay+5 SInv}
   (You found it in a bailey)

   Str:       It affects your strength (+3).
   Slay:      It affects your accuracy & damage with ranged weapons and melee
   (+5).
   rN:        It protects you from negative energy.
   SInv:      It lets you see invisible.
Magical Staves
 s - a staff of fire
Jewellery
 f - a ring of flight
 g - a ring of fire
 n - a +5 ring of evasion (left hand)
 v - a +4 ring of protection (right hand)
Wands
 h - a wand of flame (20)
 I - a wand of digging (1)
 K - a wand of iceblast (2)
Scrolls
 l - 4 scrolls of teleportation
 u - 7 scrolls of identify
 w - a scroll of fear
 B - a scroll of amnesia
 D - 2 scrolls of vulnerability
 F - a scroll of blinking
 H - 2 scrolls of fog
 J - 2 scrolls of magic mapping
Potions
 b - a potion of brilliance {unknown}
 c - 2 potions of flight
 i - a potion of magic
 j - 11 potions of curing
 k - 2 potions of heal wounds
 E - 2 potions of mutation
 G - 2 potions of attraction
Miscellaneous
 m - a lightning rod (4/4)


   Skills:
 + Level 11.4 Fighting
 + Level 12.0(12.5) Short Blades
 + Level 5.5(9.5) Long Blades
 - Level 7.6 Maces & Flails
 + Level 0.6 Throwing
 - Level 2.0 Armour
 + Level 9.8 Dodging
 + Level 15.8 Stealth
 * Level 8.4 Spellcasting
 + Level 4.9 Hexes
 + Level 6.1 Evocations


You had 25 spell levels left.
You knew the following spells:

 Your Spells              Type           Power      Damage    Failure   Level
a - Confusing Touch       Hex            31%        N/A       26%         3
b - Ensorcelled Hibernat  Hex/Ice        40%        N/A       34%         2

Your spell library contained the following spells:

 Spells                   Type           Power      Damage    Failure   Level
 Freeze                   Ice            36%        1d5       54%         1
 Kiss of Death            Conj/Necr      36%        2d8       54%         1
 Dazzling Flash           Conj/Hex       40%        N/A       56%         3
 Cigotuvi's Dreadful Rot  Necr/Pois/Air  18%        N/A       67%         2
 Frozen Ramparts          Ice            18%        1d3       88%         3
 Hailstorm                Conj/Ice       9%         3d4       88%         3
 Spider Form              Tmut/Pois      9%         N/A       88%         3
 Volatile Blastmotes      Fire/Tloc      18%        2d11      88%         3
 Anguish                  Hex/Necr       10%        N/A       92%         4
 Fulminant Prism          Conj/Hex       10%        3d8       92%         4
 Dispel Undead            Necr           9%         3d8       99%         4
 Iskenderun's Mystic Bla  Conj/Tloc      9%         2d4       99%         4
 Silence                  Hex/Air        10%        N/A       99%         5
 Agony                    Necr           9%         N/A       100%        5
 Lee's Rapid Deconstruct  Erth           4%         3d5*      100%        5
 Death Channel            Necr           4%         N/A       100%        6
 Starburst                Conj/Fire      4%         6d4       100%        6


Dungeon Overview and Level Annotations

Branches:
Dungeon (12/15)            Temple (1/1) D:7            Lair (5/5) D:11
  Snake (0/4) Lair:3        Slime (0/5) Lair:4          Orc (2/2) D:9
    Elf (0/3) Orc:2        Bailey (visited)
  Swamp: Lair:2-3    Shoals: Lair:2-3

Altars:
Ashenzari
Cheibriados
Elyvilon
Fedhas
Gozag
Hepliaklqana
Kikubaaqudgha
Makhleb
Okawaru
Qazlal
Ru
Sif Muna
Trog
Uskayaw
Vehumet
Wu Jian
Xom
Yredelemnul
The Shining One

Shops:
D:4 [   D:8 *   D:11 (([   Orc:1 ?   Orc:2 *(:

Annotations:
D:3 1 runed translucent door, exclusion: door, Crazy Yiuf
D:8 3 runed translucent doors, exclusion: downstairs, Zazubon's ghost, novice MfGl
D:11 exclusions: ugly thing and upstairs
Lair:1 2 transporters, exclusion: downstairs
Lair:2 exclusion: skyshark, Gastronok; Harold
Lair:3 exclusion: downstairs
Lair:4 exclusion: downstairs
Orc:1 exclusion: 2 downstairs
Orc:2 2 transporters, exclusion: ettin, Graphine's ghost, journeyman MfGl; Saint Roka


Message History

Saint Roka is moderately wounded.
You slash Saint Roka!
Saint Roka is moderately wounded.
The orc barely misses you.
Saint Roka roars a battlecry!
The orcs go into a battle-frenzy!
You slice Saint Roka!!
Saint Roka is heavily wounded.
The orc wizard casts a spell.
The orc wizard flickers and vanishes for a moment.
The orc hits you but does no damage.
Saint Roka mumbles some strange prayers to Beogh against you.
Beogh smites you!
You slash Saint Roka!
Saint Roka is heavily wounded.
You slash Saint Roka!
Saint Roka is severely wounded.
The orc hits you but does no damage.
The orc sorcerer gestures at you while chanting.
The bolt of fire hits you but does no damage.
Saint Roka hits you with a +0 battleaxe!
You slash Saint Roka!
Saint Roka is severely wounded.
You are no longer berserk.
You are exhausted.
You feel yourself slow down.
You hit Saint Roka.
Saint Roka is severely wounded.
The orc hits you from afar with a +0 trident.
Saint Roka hits you with a +0 battleaxe!!
You barely miss Saint Roka.
Saint Roka is severely wounded.
The orc hits you but does no damage. Saint Roka hits you but does no damage.
The orc sorcerer casts a spell at you. The bolt of fire hits you!!
* * * LOW HITPOINT WARNING * * *
Saint Roka invokes the aid of Beogh against you.
Beogh smites you!
You die...
Your body crumbles into a pile of gold.

#..............#########.....##.
##.#..........................#.
##..................o....$.####
##.##........#####........# #.
#.......## ####.......
#.......#.oo# #..........
##.......#Oo##### ##.....(...
##..#.......#..# ##........
######.##.o@.##### .........
######.o....###....8.o.
#...........# ..
####.[........## ...
#.#............##... C.
####......................
#........................P
#........#####............
##.......# #.............


You could see Saint Roka, an orc sorcerer (strong), an ogre, an orc wizard
(strong, invisible) and 2 orcs.

Vanquished Creatures
  Jorgrun (D:12)
  3 ettins
  A hydra (D:12)
  A centaur warrior (D:12)
  Erica (D:9)
  2 boulder beetles
  4 two-headed ogres
  An orc high priest (Orc:2)
  4 skysharks
  2 lindwurms
  4 orc knights
  4 deep elf pyromancers (Orc:1)
  5 deep elf zephyrmancers (Orc:1)
  3 orc sorcerers
  10 cyclopes
  17 elephants
  A manticore (D:11)
  7 black mambas
  5 torpor snails (Lair:5)
  10 cane toads
  A rime drake (Lair:1)
  An efreet (D:12)
  3 komodo dragons
  2 unseen horrors
  9 hornets (Lair:5)
  A polar bear (Lair:3)
  7 trolls
  Prince Ribbit (D:9)
  4 tyrant leeches (Lair:5)
  15 blink frogs
  12 dream sheep (Lair:4)
  A slime creature (D:12)
  A shadow (D:11)
  A yak (shapeshifter) (D:12)
  6 wyverns
  3 basilisks
  35 yaks
  Grum (D:9)
  A human (D:9)
  3 steam dragons
  5 wargs
  4 nagas (Lair:3)
  21 water moccasins
  2 acid dragons
  20 orc warriors
  2 sky beasts
  A black bear (D:6)
  2 ice beasts
  7 ogres
  6 wolves
  10 centaurs
  3 kobold brigands
  9 bullfrogs
  3 scorpions
  A wyvern zombie (D:6)
  10 wights
  A water moccasin zombie (D:6)
  4 howler monkeys
  3 bullfrog zombies (D:6)
  2 jellies
  6 hounds
  2 gnoll boudas
  11 orc priests
  5 iguanas
  An iron imp (D:3)
  Natasha (twice) (D:3)
  21 orc wizards
  A killer bee zombie (D:6)
  A howler monkey zombie (D:6)
  8 gnolls
  9 adders
  A shadow imp (D:6)
  2 white imps (D:7)
  A dart slug (D:2)
  79 orcs
  3 bats
  10 endoplasms
  4 giant cockroaches
  3 goblins
  3 hobgoblins
  2 quokkas (D:1)
  4 ball pythons
  3 frilled lizards (D:2)
  19 kobolds
  8 rats
  A butterfly (Lair:2)
520 creatures vanquished.

Vanquished Creatures (collateral kills)
  An orc priest (D:5)
  An orc wizard (D:5)
  3 orcs
5 creatures vanquished.

Vanquished Creatures (others)
  An orc priest (D:5)
  Natasha (D:3)
  2 orc wizards
4 creatures vanquished.

Grand Total: 529 creatures vanquished

Notes
Turn   | Place    | Note
-------+----------+-------------------------------------------
     0 | D:1      | H0rd4k the Human Artificer began the quest for the Orb.
     0 | D:1      | Reached XP level 1. HP: 15/15 MP: 1/1
   253 | D:1      | Reached XP level 2. HP: 17/21 MP: 2/2
   628 | D:1      | Reached XP level 3. HP: 25/26 MP: 3/3
  1194 | D:2      | Reached skill level 1 in Maces & Flails
  1430 | D:2      | Reached XP level 4. HP: 32/32 MP: 4/4
  1986 | D:3      | Noticed Natasha
  1987 | D:3      | Killed Natasha
  2000 | D:3      | Noticed Natasha
  2009 | D:3      | Killed Natasha
  2010 | D:3      | Reached XP level 5. HP: 37/37 MP: 5/5
  2055 | D:3      | Reached skill level 2 in Stealth
  2351 | D:3      | Found a snail-covered altar of Cheibriados.
  2351 | D:3      | Noticed Natasha
  2363 | D:3      | Your ally Natasha died
  2368 | D:3      | Reached XP level 6. HP: 21/44 MP: 6/6
  2975 | D:3      | Found a runed translucent door.
  2976 | D:3      | Noticed Crazy Yiuf
  3294 | D:4      | Identified the +1 helmet "Zodil" {Dex+3}
  3296 | D:4      | Found Daanok's Antique Armour Shoppe.
  3606 | D:4      | Found a shimmering blue altar of Sif Muna.
  3847 | D:4      | Reached XP level 7. HP: 29/49 MP: 7/7
  4001 | D:5      | Entered Level 5 of the Dungeon
  4665 | D:5      | Reached skill level 3 in Stealth
  4685 | D:5      | Found a burning altar of Makhleb.
  4715 | D:5      | Reached skill level 5 in Maces & Flails
  4769 | D:5      | Reached XP level 8. HP: 57/57 MP: 8/8
  5525 | D:6      | Reached skill level 4 in Stealth
  5810 | D:6      | Found a basalt altar of Yredelemnul.
  5824 | D:6      | Reached skill level 5 in Stealth
  6045 | D:6      | Reached XP level 9. HP: 63/64 MP: 9/9
  6992 | D:6      | Identified 2 scrolls of acquirement
  6995 | D:6      | Acquired a manual of Stealth
  6997 | D:6      | Acquired 1217 gold pieces
  7242 | D:7      | Reached skill level 6 in Stealth
  7343 | D:7      | Reached skill level 1 in Short Blades
  7343 | D:7      | Reached skill level 5 in Dodging
  7444 | D:7      | Found a hazy altar of Hepliaklqana.
  7686 | D:7      | Found a staircase to the Ecumenical Temple.
  7696 | Temple   | Entered the Ecumenical Temple
  7710 | Temple   | Became a worshipper of Gozag Ym Sagoz the Greedy
  8338 | D:8      | Found a runed translucent gate.
  8340 | D:8      | Reached skill level 7 in Stealth
  8340 | D:8      | Found a runed translucent gate.
  8342 | D:8      | Found a runed translucent gate.
  8342 | D:8      | Noticed Zazubon's ghost (novice MfGl)
  8474 | D:8      | Found Qouneppi's Assorted Antiques.
  8495 | D:8      | Reached XP level 10. HP: 70/73 MP: 10/10
  8949 | D:8      | Reached skill level 8 in Stealth
  8974 | D:8      | Reached skill level 5 in Short Blades
  9013 | D:8      | Reached skill level 5 in Fighting
  9298 | D:8      | Found a sacrificial altar of Ru.
 10163 | D:9      | Noticed Erica
 10411 | D:9      | Identified the +1 dagger of Uskayaw's Castigation {pain,
                  | rF+ rN+ Will+}
 10613 | D:9      | Noticed Grum
 10646 | D:10     | Entered Level 10 of the Dungeon
 10704 | D:10     | Noticed a two-headed ogre
 10723 | D:10     | Killed a two-headed ogre
 10724 | D:10     | Reached skill level 9 in Stealth
 10724 | D:10     | Reached XP level 11. HP: 44/80 MP: 11/11
 10762 | D:10     | Noticed a two-headed ogre
 10775 | D:10     | Killed a two-headed ogre
 10889 | D:10     | Found a flagged portal.
 10897 | D:10     | Identified the +7 spear "Xackic" {heavy, rC++ rCorr Dex+3
                  | SInv}
 10901 | Bailey   | Entered a bailey
 11134 | Bailey   | Noticed an orc knight
 11370 | Bailey   | Killed an orc knight
 11544 | Bailey   | Identified the +1 helmet "Seow" {rN+ Str+3 Slay+5 SInv}
 11689 | D:10     | Reached skill level 5 in Evocations
 12055 | D:10     | Noticed a two-headed ogre
 12082 | D:11     | Noticed a cyclops
 12105 | D:11     | Killed a cyclops
 12106 | D:11     | Reached skill level 10 in Stealth
 12291 | D:11     | Reached skill level 1 in Spellcasting
 12529 | D:11     | Noticed a purple ugly thing
 12753 | D:11     | Noticed a cyclops
 12765 | D:11     | Killed a cyclops
 12801 | D:11     | Found a staircase to the Lair.
 13172 | D:11     | Noticed a manticore
 13187 | D:11     | Killed a manticore
 13531 | D:11     | Reached XP level 12. HP: 73/89 MP: 15/15
 13836 | D:11     | Bought an iridescent falchion for 208 gold pieces
 13836 | D:11     | Identified the +8 falchion "Kojigauca" {protect, rPois rN+
                  | rCorr Int+2} (You bought it in a shop on level 11 of the
                  | Dungeon)
 13838 | D:11     | Bought an iridescent shortbow for 256 gold pieces
 13838 | D:11     | Identified the +2 shortbow "Duin" {drain, rCorr} (You
                  | bought it in a shop on level 11 of the Dungeon)
 13838 | D:11     | Bought a brightly glowing scimitar for 288 gold pieces
 13838 | D:11     | Identified the +7 scimitar "Gram" {flame, *Corrode rF-
                  | Int+8 Dex+3} (You bought it in a shop on level 11 of the
                  | Dungeon)
 13855 | D:11     | Learned a level 3 spell: Confusing Touch
 13865 | Lair:1   | Entered Level 1 of the Lair of Beasts
 13889 | Lair:1   | Found a transporter.
 14025 | Lair:1   | Reached skill level 1 in Long Blades
 14025 | Lair:1   | Reached skill level 1 in Hexes
 14286 | Lair:1   | Learned a level 2 spell: Ensorcelled Hibernation
 14771 | Lair:1   | Found a transporter.
 15602 | Lair:2   | Noticed Gastronok
 16165 | Lair:2   | Noticed a skyshark
 16757 | Lair:2   | Noticed Harold
 16757 | Lair:2   | Noticed a skyshark
 16963 | Lair:2   | Killed a skyshark
 17835 | Lair:3   | Found a staircase to the Snake Pit.
 18183 | Lair:3   | Noticed a skyshark
 18505 | Lair:3   | Reached XP level 13. HP: 54/98 MP: 20/20
 18833 | Lair:3   | Reached skill level 5 in Spellcasting
 19011 | Lair:3   | Reached skill level 10 in Short Blades
 19308 | Lair:4   | Reached skill level 11 in Stealth
 19349 | Lair:4   | Reached skill level 5 in Long Blades
 21000 | Lair:4   | Reached skill level 12 in Stealth
 21172 | Lair:4   | Found a staircase to the Slime Pits.
 21364 | Lair:5   | Entered Level 5 of the Lair of Beasts
 21828 | Lair:5   | Reached XP level 14. HP: 92/108 MP: 23/23
 22057 | Lair:5   | Reached skill level 13 in Stealth
 22974 | Lair:5   | Found a runed translucent door.
 23173 | Lair:5   | Reached skill level 14 in Stealth
 24398 | D:11     | Bought the +11 chain mail "Puihigodgh" {Str+4} for 1123
                  | gold pieces
 24501 | D:12     | Reached skill level 10 in Fighting
 24637 | D:12     | Found a flickering gateway to a bazaar.
 24645 | Bazaar   | Entered a bazaar
 24647 | Bazaar   | Found Feruen's Jewellery Boutique.
 24755 | Bazaar   | Found Qarresm's General Store.
 24755 | Bazaar   | Found Byisucra's Antique Weapon Boutique.
 24756 | Bazaar   | Found Babbom's Jewellery Boutique.
 24849 | D:12     | Reached skill level 15 in Stealth
 24860 | D:12     | Noticed Jorgrun
 24878 | D:12     | Killed Jorgrun
 25722 | D:9      | Found a staircase to the Orcish Mines.
 25753 | D:9      | Killed Erica
 25758 | D:9      | Killed Grum
 26296 | D:9      | Found a bloodstained altar of Trog.
 26404 | D:9      | Noticed Prince Ribbit
 26413 | D:9      | Killed Prince Ribbit
 26693 | D:9      | Found an ornate altar of the Wu Jian Council.
 26978 | Orc:1    | Entered Level 1 of the Orcish Mines
 27295 | D:9      | Reached XP level 15. HP: 109/117 MP: 26/26
 27372 | Orc:2    | Entered Level 2 of the Orcish Mines
 27420 | Orc:2    | Noticed an orc warlord
 27894 | Orc:2    | Found a staircase to the Elven Halls.
 27997 | Orc:2    | Found Tunkaq's Antique Weapon Boutique.
 28001 | Orc:2    | Found Yqeuceir's Self-Improvement Boutique.
 28023 | Orc:1    | HP: 2/117 [ettin/+0 dire flail (19)]
 28407 | Orc:1    | Found Meet's Magic Scroll Emporium.
 29397 | Orc:2    | Noticed Saint Roka
 29852 | Orc:2    | Bought a manual of Short Blades for 1120 gold pieces
 30516 | Orc:2    | Noticed Graphine's ghost (journeyman MfGl)
 30563 | Orc:2    | Found a transporter.
 30582 | Orc:2    | Found Luimudwo's General Store.
 30675 | Orc:2    | Noticed a stone giant
 30760 | Orc:2    | Found a transporter.
 31058 | Orc:2    | HP: 4/119 [orc sorcerer/bolt of fire[Saint Roka] (32)]
 31058 | Orc:2    | Killed from afar by Saint Roka

Illustrated notes

Levels and vault maps discovered:
D:1:      onia_arrival_handbag, layout_basic
D:2:      layout_basic
D:3:      layout_loops_ring, slow_altar_1, uniq_crazy_yiuf_cottage, uniq_natasha
D:4:      layout_basic, mainiacjoe_overflow_paths, serial_shops, shop,
          kennysheep_generic_room_2
D:5:      layout_basic, kennysheep_little_box
D:6:      layout_loops_corners, nicolae_yredelemnul_corpse_copse,
          nicolae_figureground_sparkle
D:7:      layout_loops_ring, worldfamousw_hep_ancestral_shrine,
          minmay_temple_entry_drinking_statues, chequers_serial_rivers_small_3,
          grunt_ministairs_3
D:8:      layout_rooms, mainiacjoe_overflow_six_doors_small, serial_rivers,
          chequers_serial_rivers_room_b, chequers_serial_rivers_micro_a,
          chequers_serial_rivers_room_b, chequers_serial_rivers_large_a,
          chequers_serial_rivers_room_b, chequers_serial_rivers_micro_e,
          biasface_ghost_orc_armoury, serial_shops, nicolae_square_shop
D:9:      layout_basic, mainiacjoe_overflow_brackets,
          mainiacjoe_overflow_alcove_2, erik_orc_4, uniq_grum,
          uniq_prince_ribbit1, uniq_erica
D:10:     layout_roguey, enter_bailey_2
D:11:     layout_gridville, minmay_lair_entry_grove
D:12:     minmay_chambers_of_sevens, layout_rooms, serial_shops,
          bzr_entry_water, minmay_misc_feat_rows, uniq_jorgrun
Temple:   eino_temple_lava
Lair:1:   gammafunk_cloud_chamber, layout_layer_cave, grunt_megastairs_2,
          infiniplex_staircase_pool_2
Lair:2:   layout_loops_ring, minmay_shoals_entry_lonely_mermaid,
          lemuel_fruit_fields, uniq_gastronok, uniq_harold
Lair:3:   layout_cave_pods, minmay_snake_entry_guardpost_small
Lair:4:   layout_cellular_growth, dpeg_slime_entry_corner
Lair:5:   wormcave, layout_gridlike, grunt_megastairs_3
Orc:1:    layout_caves, serial_shops, nicolae_shop_window_shopping,
          elves_outpost_lemuel
Orc:2:    grunt_orc_gardens, layout_diamond_mine, grunt_orc_garden,
          grunt_orc_garden, grunt_orc_garden, grunt_orc_garden,
          gammafunk_ghost_arena, nicolae_shop_self_help, uniq_saint_roka

Skill      XL: |  1  2  3  4  5  6  7  8  9 10 11 12 13 14 15 |
---------------+----------------------------------------------+-----
Maces & Flails | 1 2 3 4 5 6 7 |  7.6
Dodging        | 2 3 4 5 6 7 8 9 |  9.8
Stealth        | 2 3 5 7 9 10 12 15 | 15.8
Evocations     | 4 5 6 |  6.1
Fighting       | 2 3 4 5 6 8 9 10 11 | 11.4
Short Blades   | 2 6 9 10 11 12 | 12.0
Spellcasting   | 2 4 6 7 8 |  8.4
Long Blades    | 4 5 |  5.5
Hexes          | 3 4 |  4.9
Throwing       | |  0.6
Armour         | |  2.0

Action                     |  1- 3 |  4- 6 |  7- 9 | 10-12 | 13-15 || total
---------------------------+-------+-------+-------+-------+-------++-------
  Melee: Club              |   140 |    71 |       |       |       ||   211
         Punch             |       |     4 |     3 |    23 |    29 ||    59
         Flail             |       |   104 |   431 |       |       ||   535
         Unarmed           |       |     3 |       |       |       ||     3
         Dagger            |       |       |   123 |   764 |  1261 ||  2148
         Falchion          |       |       |       |   107 |    30 ||   137
         Scimitar          |       |       |       |       |     5 ||     5
  Throw: Dart              |       |       |       |       |    17 ||    17
   Cast: Confusing Touch   |       |       |       |       |     1 ||     1
 Invoke: Call Merchant     |       |       |       |     2 |     1 ||     3
  Evoke: Wand              |     4 |    17 |    22 |    21 |     9 ||    73
    Use: Scroll            |       |       |    12 |    15 |    10 ||    37
         Potion            |       |       |       |     6 |     5 ||    11
   Stab: Sleeping          |     4 |     2 |    13 |     5 |    22 ||    46
         Distracted        |       |     1 |       |     4 |     4 ||     9
         Paralysed         |       |       |    30 |       |       ||    30
         Confused          |       |       |       |       |     2 ||     2
 Armour: Leather armour    |    37 |    46 |   154 |    23 |       ||   260
         Chain mail        |       |       |       |   217 |   231 ||   448
         Shadow dragon sca |       |       |       |    14 |   179 ||   193
         Skin              |       |       |       |       |    10 ||    10
  Dodge: Dodged            |   120 |   150 |   459 |   479 |   572 ||  1780
